 Dungeon Crawl Stone Soup version 0.30-a0-1114-gd936c97349 (webtiles) character file.

Game seed: 8925297534064841889

561 IdlyInterested the Trooper (level 7, -8/59 HPs)
             Began as a Demonspawn Gladiator on Apr 20, 2023.
             Mangled by bearlyready's ghost (12 damage)
             ... on level 5 of the Dungeon.
             The game lasted 00:10:15 (4311 turns).

IdlyInterested the Trooper (Demonspawn Gladiator)   Turns: 4311, Time: 00:10:16

Health: -8/59      AC: 14    Str: 19    XL:     7   Next: 9%
Magic:  16/16      EV: 10    Int: 10    God:
Gold:   186        SH:  0    Dex: 14    Spells: 6/6 levels left

rFire   + . .      SeeInvis .    a - +0 war axe
rCold   . . .      Faith    +    (no shield)
rNeg    . . .      Spirit   .    t - +0 scale mail {rF+}
rPois   +          Reflect  .    x - +2 helmet
rElec   .          Rampage  .    (no cloak)
rCorr   .                        (no gloves)
Will    .....                    l - +2 pair of boots
Stlth   +                        w - amulet of faith
HPRegen 0.29/turn                v - ring of magical power
MPRegen 0.15/turn                y - ring of Kietyif {rPois Str+3}

@: no status effects
A: claws 1, yellow scales 1, demonic guardian 1
a: no special abilities


You were on level 5 of the Dungeon.
You visited 1 branch of the dungeon, and saw 5 of its levels.

You collected 186 gold pieces.

Inventory:

Hand Weapons
 a - a +0 war axe (weapon)
 g - a +0 short sword of speed
 z - a +0 hand axe
 D - the +7 staff of the Meek {protect, meekguard}
   (You found it on level 3 of the Dungeon)
 E - a +0 hand axe
 F - a +2 dagger of pain
Missiles
 d - 3 throwing nets
 e - 10 javelins
 i - 45 stones (quivered)
Armour
 c - a +0 helmet
 l - a +2 pair of boots (worn)
 n - a +0 buckler
 t - a +0 scale mail of fire resistance (worn)
 x - a +2 helmet (worn)
 G - a +0 plate armour
Magical Staves
 B - a staff of poison
Jewellery
 v - a ring of magical power (left claw)
 w - an amulet of faith (around neck)
 y - the ring of Kietyif (right claw) {rPois Str+3}
   (You found it on level 2 of the Dungeon)

   [ring of poison resistance]

   Str:       It affects your strength (+3).
   rPois:     It protects you from poison.
Scrolls
 b - a scroll of fog {unknown}
 f - a scroll of enchant armour {unknown}
 h - a scroll of fear {unknown}
 m - 11 scrolls of identify {unknown}
 p - a scroll of silence {unknown}
 r - a scroll of poison {unknown}
 s - 2 scrolls of magic mapping {unknown}
 u - 2 scrolls of noise {unknown}
 C - 3 scrolls of teleportation {unknown}
 H - a scroll of amnesia {unknown}
 I - a scroll of enchant weapon {unknown}
Potions
 j - 4 potions of mutation {unknown}
 k - 2 potions of haste {unknown}
 o - a potion of heal wounds {unknown}
 q - 3 potions of curing {unknown}
 A - a potion of degeneration {unknown}
 J - a potion of attraction {unknown}


   Skills:
 * Level 6.5 Fighting
 - Level 2.6 Axes
 - Level 2.0 Throwing
 + Level 0.0 Armour
 - Level 2.6 Dodging
 - Level 2.0 Stealth
 - Level 2.0 Unarmed Combat
 - Level 2.0 Evocations


You had 6 spell levels left.
You didn't know any spells.
Your spell library contained the following spells:

 Spells                   Type           Power      Damage    Failure   Level
 Freeze                   Ice            0%         1d3       77%         1
 Lesser Beckoning         Tloc           0%         N/A       88%         2
 Frozen Ramparts          Ice            0%         1d1       98%         3
 Gell's Gravitas          Tloc           0%         N/A       98%         3
 Hailstorm                Conj/Ice       0%         3d3       98%         3
 Teleport Other           Tloc           0%         N/A       98%         3


Dungeon Overview and Level Annotations

Branches:
Dungeon (5/15)
 Temple: D:4-7

Altars:
Sif Muna
Uskayaw

Annotations:
D:5 bearlyready's ghost, novice GnRe


Innate Abilities, Weirdness & Mutations

You have sharp fingernails.
You are partially covered in yellow scales. (AC +2)
A weak demonic guardian rushes to your aid.


Message History

Bearlyready's ghost hits you. x2; You are electrocuted!
You barely miss bearlyready's ghost.
Bearlyready's ghost is lightly damaged.
Bearlyready's ghost hits you but does no damage.
You are electrocuted!!
* * * LOW HITPOINT WARNING * * *
You hit bearlyready's ghost.
Bearlyready's ghost is lightly damaged.
Bearlyready's ghost completely misses you.
Bearlyready's ghost hits you but does no damage.
You slash bearlyready's ghost!
Bearlyready's ghost is moderately damaged.
Bearlyready's ghost hits you but does no damage.
You closely miss bearlyready's ghost.
Bearlyready's ghost is moderately damaged.
Bearlyready's ghost misses you.
You closely miss bearlyready's ghost.
Bearlyready's ghost is moderately damaged.
Bearlyready's ghost barely misses you.
Bearlyready's ghost hits you but does no damage.
You closely miss bearlyready's ghost. You claw bearlyready's ghost.
Bearlyready's ghost is moderately damaged.
Bearlyready's ghost hits you.
* * * LOW HITPOINT WARNING * * *
A demonic guardian appears!
You miss bearlyready's ghost.
Bearlyready's ghost is moderately damaged.
Your ufetubus closely misses bearlyready's ghost.
Your ufetubus misses bearlyready's ghost.
Bearlyready's ghost barely misses you.
Your ufetubus hits bearlyready's ghost.
Your ufetubus hits bearlyready's ghost but does no damage.
Bearlyready's ghost hits you but does no damage.
You slash bearlyready's ghost!
Bearlyready's ghost is heavily damaged.
Your ufetubus barely misses bearlyready's ghost.
Your ufetubus misses bearlyready's ghost.
Bearlyready's ghost hits you.
* * * LOW HITPOINT WARNING * * *
You are electrocuted!
You die...

##### #...# #...########
#..........## #...######..###
#...# #......# #...# #...@..#
#### #...# ###'W### #..#
###...####..§≈5..#####..#
##.......#..⌠.#≈.###.##..#
###..###..##.#≈~.~.###.#...##
#...####.####.~!..#[#.......#
#.#####....####.#§###.......#
÷...##..##.##########.......#
.##.........##..#.#.........#


You could see bearlyready's ghost (ally target) and a friendly ufetubus
(summoned).

Vanquished Creatures
  A black bear (D:5)
  3 scorpions
  A jelly (D:5)
  3 hounds
  An orc priest (D:3)
  An iguana (D:5)
  2 adders (D:2)
  2 dart slugs
  6 orcs (D:3)
  9 endoplasms
  A giant cockroach (D:1)
  5 hobgoblins
  8 jackals (D:5)
  3 quokkas
  9 ball pythons
  6 bats
  4 frilled lizards
  4 goblins
  5 kobolds
  3 rats
77 creatures vanquished.

Vanquished Creatures (collateral kills)
  A jelly (D:5)
1 creature vanquished.

Grand Total: 78 creatures vanquished

Notes
Turn   | Place    | Note
-------+----------+-------------------------------------------
     0 | D:1      | IdlyInterested the Demonspawn Gladiator began the quest for
                  | the Orb.
     0 | D:1      | Reached XP level 1. HP: 16/16 MP: 1/1
   228 | D:1      | Gained mutation: You have sharp fingernails. [demonic
                  | ancestry]
   228 | D:1      | Reached XP level 2. HP: 23/23 MP: 2/2
   946 | D:2      | Reached skill level 3 in Fighting
  1002 | D:2      | Reached skill level 1 in Evocations
  1062 | D:2      | Reached XP level 3. HP: 29/29 MP: 3/3
  1689 | D:2      | Identified the ring of Kietyif {rPois Str+3}
  2190 | D:3      | Reached XP level 4. HP: 29/37 MP: 4/4
  2275 | D:3      | Reached skill level 4 in Fighting
  2394 | D:3      | Found the +7 staff of the Meek {protect, meekguard}
  3006 | D:4      | Found a shimmering blue altar of Sif Muna.
  3010 | D:4      | Gained mutation: A weak demonic guardian rushes to your
                  | aid. [demonic ancestry]
  3010 | D:4      | Reached XP level 5. HP: 43/43 MP: 5/5
  3262 | D:4      | Reached skill level 1 in Unarmed Combat
  3511 | D:5      | Entered Level 5 of the Dungeon
  3517 | D:5      | Reached skill level 5 in Fighting
  3547 | D:5      | Gained mutation: You are partially covered in yellow
                  | scales. (AC +2) [demonic ancestry]
  3547 | D:5      | Reached XP level 6. HP: 28/51 MP: 6/6
  3791 | D:5      | Reached skill level 1 in Stealth
  3826 | D:5      | Found a hide-covered altar of Uskayaw.
  3878 | D:5      | Reached skill level 6 in Fighting
  3930 | D:5      | Reached XP level 7. HP: 49/59 MP: 7/7
  4294 | D:5      | Found a large runed translucent door.
  4294 | D:5      | Found a large runed translucent door.
  4296 | D:5      | Noticed bearlyready's ghost (novice GnRe)
  4311 | D:5      | Mangled by bearlyready's ghost

Illustrated notes

Levels and vault maps discovered:
D:1:      lightli_arrival_statuegarden, layout_basic,
          nicolae_concentric_dashed_squares_wild
D:2:      layout_basic
D:3:      layout_loops_ring, pf_guarded_unrand_meek
D:4:      layout_rooms, zin_scriptorium, nicolae_overflow_hidden_temple
D:5:      layout_rooms, mainiacjoe_overflow_24_doors,
          ebering_ghost_disaster_area

Skill      XL: |  1  2  3  4  5  6  7 |
---------------+----------------------+-----
Throwing       | 2 |  2.0
Fighting       | 3 4 5 6 |  6.5
Evocations     | 1 2 |  2.0
Unarmed Combat | 1 2 |  2.0
Stealth        | 1 2 |  2.0
Axes           | |  2.6
Dodging        | |  2.6

Action                     |  1- 3 |  4- 6 |  7- 9 || total
---------------------------+-------+-------+-------++-------
  Melee: War axe           |   109 |   102 |    26 ||   237
         Punch             |     1 |       |     4 ||     5
 Armour: Leather armour    |    16 |       |       ||    16
         Ring mail         |    16 |       |       ||    16
         Scale mail        |    32 |    73 |    22 ||   127
  Dodge: Dodged            |    85 |    68 |    15 ||   168

Table legend: (Time is in decaauts)
 A = Elapsed time spent in this place.
 B = Non-inter-level travel time spent in this place.
 C = Inter-level travel time spent in this place.
 D = Time resting spent in this place.
 E = Time spent auto-exploring this place.
 F = Levels seen in this place.
 G = Mean time per level.
                   A        B        C        D        E       F      G
               +--------+--------+--------+--------+--------+-----+--------+
         Total |   4401 |   3819 |    582 |    185 |   2628 |   5 |  880.2 |
       Dungeon |   4401 |   3819 |    582 |    185 |   2628 |   5 |  880.2 |
               +--------+--------+--------+--------+--------+-----+--------+

Top non-repeatable levels by time:
     D:3: 1053 daAuts
     D:1: 976 daAuts
     D:2: 910 daAuts
     D:4: 746 daAuts
     D:5: 714 daAuts
